 Dungeon Crawl Stone Soup version 0.28-a0-998-gb9e9c7b67e (webtiles) character file.

Game seed: 17953314711248288352

158 wakim the Stinger (level 5, -3/32 HPs)
             Began as an Octopode Venom Mage on Dec 5, 2021.
             Slain by a shadow imp (5 damage)
             ... summoned by Natasha
             ... on level 3 of the Dungeon.
             The game lasted 00:11:29 (4555 turns).

wakim the Stinger (Octopode Venom Mage)             Turns: 4555, Time: 00:11:30

Health: -3/32      AC:  1    Str:  9    XL:     5   Next: 39%
Magic:  6/9        EV: 10    Int: 17    God:
Gold:   54         SH:  0    Dex: 13    Spells: 7/10 levels left

rFire   . . .      SeeInvis .   (no weapon)
rCold   . . .      Faith    .   (no shield)
rNeg    . . .      Spirit   .   (helmet restricted)
rPois   .          Reflect  .   (no amulet)
rElec   .          Harm     .   (no ring)
rCorr   .          Rampage  .   (no ring)
Will    .....                   (no ring)
Stlth   +++.......              (no ring)
HPRegen 0.10/turn               (no ring)
MPRegen 0.11/turn               (no ring)
                                (no ring)
                                (no ring)

@: weak-willed, slowed, constricted, very slow
A: almost no armour, amphibious, 8 rings, camouflage 1, gelatinous body 1,
(nimble swimmer 1), tentacles
a: no special abilities


You were on level 3 of the Dungeon.
You visited 1 branch of the dungeon, and saw 3 of its levels.

You collected 118 gold pieces.
You spent 64 gold pieces at shops.

Inventory:

Hand Weapons
 b - a +2 hunting sling of electrocution
Missiles
 e - 8 sling bullets
Potions
 a - 2 potions of magic {unknown}
 g - a potion of might {unknown}
 J - 2 potions of heal wounds


   Skills:
 + Level 0.6 Fighting
 + Level 2.2 Dodging
 - Level 4.0 Stealth
 + Level 0.4 Unarmed Combat
 - Level 3.0 Spellcasting
 - Level 1.0 Transmutations
 * Level 5.5 Poison Magic


You had 7 spell levels left.
You knew the following spells:

 Your Spells              Type           Power      Damage    Failure   Level
a - Sting                 Tmut/Pois      52%        1d5       4%          1
x - Poisonous Vapours     Pois/Air       22%        N/A       9%          2

Your spell library contained the following spells:

 Spells                   Type           Power      Damage    Failure   Level
 Olgreb's Toxic Radiance  Pois           21%        N/A       19%         4
 Mephitic Cloud           Conj/Pois/Air  8%         N/A       24%         3


Dungeon Overview and Level Annotations

Branches:
Dungeon (3/15)

Altars:
Beogh

Shops:
D:3 *

Annotations:
D:2 Sigmund
D:3 Jessica, Natasha


Innate Abilities, Weirdness & Mutations

You cannot wear most types of armour.
You are amphibious.
You can wear up to eight rings at the same time.
Your skin changes colour to match your surroundings (Stealth+).
Your rubbery body absorbs attacks. (AC +1, EV +1)
((You are camouflaged near water. (Stealth+)))
You have tentacles for arms and can constrict up to eight enemies at once.


Message History

The ball python constricts you.
As you read the scroll labelled VANELU YHOL, it crumbles to dust.
It is a scroll of brand weapon.
Your +2 vorpal hunting sling crackles with electricity.
b - a +2 hunting sling of electrocution Natasha mumbles some strange words.
The crimson imp hits you. The ball python bites you.
The ball python constricts you.
Jessica gestures wildly while chanting.
Jessica blinks!
Natasha casts a spell.
As you read the scroll labelled VYXAEVENIA, it crumbles to dust.
It is a scroll of enchant armour.
You aren't carrying any armour which can be enchanted further.
The ball python barely misses you. The ball python constricts you.
The crimson imp hits you.
The ball python bites you but does no damage.
The ball python constricts you.
* * * LOW HITPOINT WARNING * * *
The shadow imp hits you.
* * * LOW HITPOINT WARNING * * *
Natasha claws you.
* * * LOW HITPOINT WARNING * * *
The crimson imp lashes its tail.
The crimson imp blinks!
You tentacle-slap Natasha but do no damage.
Your grab misses Natasha. You squeeze Natasha.
Natasha is moderately wounded.
The ball python closely misses you. The ball python constricts you.
* * * LOW HITPOINT WARNING * * *
Jessica gestures wildly.
The shadow imp hits you.
* * * LOW HITPOINT WARNING * * *
Natasha barely misses you.
The crimson imp blinks!
The ball python misses you. The ball python constricts you.
* * * LOW HITPOINT WARNING * * *
The shadow imp hits you.
* * * LOW HITPOINT WARNING * * *
The shadow imp hits you.
You die...

#..........................#....
#.#+##.#+##.#+##.#+##.#+##.#....
#.# #.# #.# #.# #.# #.#.... #.#
#.# +.+ #.# +.+ #.#....
#.####.####.####.####.####.###..
##..........................# #..
.##########################(# #..
........########55........#.###..
........†.....@S@5...............
........########.h........###....
.#.....## #...........####..
.......# #.................
.#..(..# #....§.....#######
$.#.#..# ############ # .......#
..#....# #####..#


You could see Natasha (weak-willed), a crimson imp (summoned, weak-willed), 2
shadow imps, Jessica (fast, resistant, weak-willed) and a ball python
(weak-willed).

Vanquished Creatures
  Crazy Yiuf (D:2)
  Natasha (D:3)
  Robin (D:2)
  2 adders (D:2)
  4 worms
  3 dart slugs
  2 orcs (D:2)
  3 ball pythons
  5 endoplasms
  2 giant cockroaches
  3 hobgoblins
  4 quokkas
  5 bats
  2 frilled lizards
  15 goblins
  A kobold (D:3)
  5 rats
59 creatures vanquished.

Vanquished Creatures (others)
  9 plants (D:2)
9 creatures vanquished.

Grand Total: 68 creatures vanquished

Notes
Turn   | Place    | Note
-------+----------+-------------------------------------------
     0 | D:1      | wakim the Octopode Venom Mage began the quest for the Orb.
     0 | D:1      | Reached XP level 1. HP: 11/11 MP: 3/3
   167 | D:1      | Reached XP level 2. HP: 17/17 MP: 1/5
   368 | D:1      | Learned a level 2 spell: Poisonous Vapours
   554 | D:1      | Reached skill level 4 in Poison Magic
   636 | D:1      | Reached XP level 3. HP: 21/21 MP: 2/6
  1094 | D:2      | Found a runed translucent door.
  1095 | D:2      | Noticed Crazy Yiuf
  1110 | D:2      | Killed Crazy Yiuf
  1111 | D:2      | Reached XP level 4. HP: 27/27 MP: 0/8
  1528 | D:2      | Noticed Robin
  1764 | D:2      | Noticed Sigmund
  2373 | D:2      | Reached skill level 5 in Poison Magic
  2565 | D:2      | Killed Robin
  2907 | D:2      | Reached XP level 5. HP: 31/31 MP: 2/9
  3033 | D:2      | Found a faded altar of an unknown god.
  3515 | D:3      | Found Noidaeh's Assorted Antiques.
  3564 | D:3      | Bought a scroll labelled VYXAEVENIA for 17 gold pieces
  3564 | D:3      | Bought a scroll labelled VANELU YHOL for 17 gold pieces
  3564 | D:3      | Bought a fizzy red potion for 15 gold pieces
  3564 | D:3      | Bought a fizzy red potion for 15 gold pieces
  4449 | D:3      | Noticed Natasha
  4457 | D:3      | Killed Natasha
  4527 | D:3      | Noticed Jessica
  4538 | D:3      | Noticed Natasha
  4555 | D:3      | Slain by a shadow imp

Illustrated notes

Levels and vault maps discovered:
D:1:      dpeg_arrival_subterranean_lakeside_camping, layout_basic,
          chequers_serial_rivers_small_3, minmay_statues_item,
          minmay_tetromino_l2
D:2:      layout_basic, hellmonk_ecumenical_altar_defaced_shrine,
          serial_bayou_pond_c, kennysheep_crisscross, uniq_robin, uniq_sigmund,
          uniq_crazy_yiuf_cottage
D:3:      minmay_door_path, layout_rooms,
          nicolae_hepliaklqana_monster_ancestors, serial_shops,
          nicolae_diamond_shop, serial_rivers, chequers_serial_rivers_micro_a,
          chequers_serial_rivers_small_a, chequers_serial_rivers_room_b,
          chequers_serial_rivers_large_a, chequers_serial_rivers_micro_a,
          minmay_misc_feat_tiny, hangedman_decor_lopped, minmay_snake_closets,
          uniq_natasha, uniq_jessica, uniq_ijyb

Skill      XL: |  1  2  3  4 |
---------------+-------------+-----
Stealth        | 3 4 |  4.0
Poison Magic   | 4 5 |  5.5
Spellcasting   | 3 |  3.0
Fighting       | |  0.6
Dodging        | |  2.2
Unarmed Combat | |  0.4
Transmutations | |  1.0

Action                   |  1- 3 |  4- 6 || total
-------------------------+-------+-------++-------
Melee: Unarmed           |     4 |     9 ||    13
       Tentacles         |     1 |     3 ||     4
       Constrict         |     1 |     1 ||     2
 Fire: Hunting sling     |       |     8 ||     8
 Cast: Sting             |    32 |    26 ||    58
       Poisonous Vapours |     7 |    47 ||    54
  Use: Scroll            |       |     5 ||     5
       Potion            |       |     1 ||     1
Armor: Skin              |     1 |     5 ||     6
Dodge: Dodged            |     6 |    45 ||    51

Table legend: (Time is in decaauts)
 A = Elapsed time spent in this place.
 B = Non-inter-level travel time spent in this place.
 C = Inter-level travel time spent in this place.
 D = Time resting spent in this place.
 E = Time spent auto-exploring this place.
 F = Levels seen in this place.
 G = Mean time per level.
                   A        B        C        D        E       F      G
               +--------+--------+--------+--------+--------+-----+--------+
         Total |   4562 |   4277 |    285 |    534 |   2955 |   3 | 1520.7 |
       Dungeon |   4562 |   4277 |    285 |    534 |   2955 |   3 | 1520.7 |
               +--------+--------+--------+--------+--------+-----+--------+

Top non-repeatable levels by time:
     D:2: 2319 daAuts
     D:1: 1189 daAuts
     D:3: 1053 daAuts
